Map: Thunderbird LE

Players

PtitDrogo - Winner!

  • Race: Protoss Protoss
  • Spawn Location: 5:00

Lambo

  • Race: Zerg Zerg
  • Spawn Location: 11:00

VOD

Have the link to the VOD?

Description

Time

  • Played on: Sept. 7, 2019, 12:08 p.m.
  • Length: 9:04
Show
View Real Time Build Order
Export as new Build Order

PtitDrogo Protoss - Winner!

Build Orders: 1 Gate Expand, Oracle Opening, Zealot Archon 

Get SALT Encoding   

  12  0:00  Probe  
  13  0:12  Probe  
  14  0:20  Pylon  
  14  0:24  Probe  
  15  0:35  Probe  
  16  0:43  Probe  
  16  0:44  Gateway  
  17  0:52  Probe  
  17  0:54  Assimilator  
  18  1:04  Probe  
  19  1:17  Probe  
  20  1:28  Nexus  
  20  1:37  Cybernetics Core  
  20  1:40  Probe  
  20  1:46  Assimilator  
  21  1:53  Probe  
  22  1:57  Pylon  
  22  2:05  Probe, Stalker  
  25  2:17  Probe  
  26  2:23  Stargate  
  26  2:29  Probe  
  27  2:33  Warp Gate  
  27  2:36  Probe  
  27  2:37  Probe  
  29  2:44  Probe  
  29  2:45  Probe  
  29  2:47  Adept  
  33  2:54  Probe  
  33  2:56  Probe  
  35  2:58  Oracle  
  35  3:06  Probe  
  35  3:08  Probe  
  40  3:18  Probe  
  40  3:19  Pylon  
  41  3:20  Probe  
  41  3:21  Gateway  
  41  3:27  Oracle  
  42  3:30  Probe  
  43  3:35  Pylon  
  43  3:37  Probe  
  47  3:43  Probe  
  48  3:49  Probe  
  48  3:54  Nexus  
  49  3:56  Probe  
  49  4:01  Probe  
  51  4:05  Assimilator  
  51  4:07  Assimilator  
  51  4:08  Probe  
  51  4:09  Oracle  
  55  4:13  Probe  
  56  4:20  Pylon, Probe  
  56  4:24  Robotics Facility  
  57  4:26  Probe  
  58  4:32  Probe  
  58  4:38  Probe  
  60  4:40  Twilight Council  
  60  4:42  Forge  
  60  4:44  Probe  
  60  4:45  Sentry  
  63  4:52  Probe  
  64  4:53  Gateway x2  
  64  4:55  Probe  
  64  4:57  Protoss Ground Weapons Level 1  
  65  5:00  Probe  
  65  5:02  Pylon  
  65  5:03  Probe x2  
  66  5:08  Probe  
  66  5:11  Probe  
  66  5:12  Probe  
  66  5:13  Observer  
  70  5:19  Probe  
  73  5:22  Probe  
  73  5:23  Probe, Charge  
  75  5:31  Probe  
  75  5:32  Immortal  
  75  5:34  Probe, Assimilator  
  75  5:35  Templar Archives, Probe  
  78  5:38  Assimilator  
  82  5:43  Probe  
  82  5:46  Pylon, Probe  
  82  5:47  Probe  
  85  5:55  Probe  
  86  5:58  Probe  
  86  5:59  Probe  
  86  6:04  Gateway x2  
  88  6:05  Gateway  
  88  6:07  Probe  
  88  6:08  Gateway  
  89  6:12  Probe  
  89  6:17  Immortal  
  90  6:23  Psionic Storm  
  94  6:28  Pylon, Nexus  
  94  6:29  Pylon, High Templar x2  
  99  6:40  Probe x2  
  99  6:45  Probe  
  99  6:46  High Templar  
  103  6:47  Warp Prism, Assimilator  
  103  6:48  High Templar  
  103  6:52  Probe, Assimilator  
  106  6:55  Probe  
  106  6:57  Probe  
  106  6:58  Gateway  
  106  6:59  Gateway  
  106  7:01  High Templar x2  
  114  7:04  Probe  
  114  7:05  Pylon  
  114  7:07  Probe  
  116  7:09  Probe  
  114  7:25  Probe  
  114  7:26  Probe  
  116  7:31  Zealot x4  
  116  7:36  Pylon x2  
  124  7:38  Photon Cannon  
  124  7:39  Pylon  
  124  7:40  Photon Cannon  
  124  7:42  Shield Battery x2  
  124  7:43  High Templar  
  126  7:44  High Templar x3  
  126  7:48  Archon  
  126  7:49  Archon  
  132  7:53  Zealot x4  
  132  7:54  Zealot x2  
  144  8:17  Zealot x10  
  164  8:24  Phoenix  
  164  8:28  Archon  
  164  8:31  Probe  
  155  8:36  Stalker x2  
  155  8:37  Stalker x5  
  155  8:40  Stalker  
  149  8:53  Stalker x2  
  145  9:00  Stalker x7  
Show
View Real Time Build Order
Export as new Build Order

Lambo Zerg 

Build Orders: Hatch First, Muta Ling Bane 

Get SALT Encoding   

  12  0:00  Drone  
  13  0:12  Overlord  
  13  0:18  Drone  
  14  0:30  Drone x2  
  16  0:47  Drone  
  17  0:53  Hatchery  
  17  0:54  Drone  
  17  0:58  Drone  
  18  1:09  Extractor  
  17  1:13  Spawning Pool  
  17  1:16  Drone  
  17  1:20  Drone  
  18  1:27  Drone  
  19  1:39  Drone  
  20  1:50  Overlord  
  20  1:59  Queen  
  22  2:05  Drone, Queen  
  22  2:06  Zergling x2  
  26  2:13  Zergling x2  
  27  2:18  Drone  
  27  2:22  Drone  
  29  2:32  Drone  
  30  2:39  Hatchery  
  30  2:40  Drone  
  30  2:45  Drone  
  30  2:47  Overlord  
  31  2:53  Pneumatized Carapace  
  31  2:55  Drone  
  31  2:56  Drone, Queen  
  35  3:02  Drone  
  36  3:05  Drone  
  36  3:10  Drone  
  38  3:15  Drone x5  
  38  3:19  Metabolic Boost  
  43  3:25  Overlord  
  43  3:26  Drone  
  44  3:43  Drone x5, Queen  
  44  3:44  Spore Crawler  
  44  3:45  Drone x2  
  44  3:47  Spore Crawler  
  51  3:52  Drone x2  
  54  3:57  Queen  
  54  4:01  Drone  
  54  4:02  Drone  
  58  4:04  Overlord  
  58  4:08  Overlord  
  57  4:10  Overlord  
  57  4:11  Drone  
  58  4:18  Roach Warren, Drone  
  58  4:19  Overlord  
  58  4:21  Spore Crawler  
  57  4:25  Overlord  
  57  4:27  Drone x2  
  58  4:32  Drone x3  
  58  4:33  Drone  
  58  4:36  Overlord  
  58  4:37  Drone  
  60  4:40  Drone  
  60  4:43  Lair  
  61  4:47  Drone x3  
  61  4:52  Overlord  
  64  4:54  Drone x3  
  64  4:56  Drone x2  
  64  4:59  Extractor, Drone  
  69  5:00  Drone  
  69  5:01  Extractor  
  69  5:03  Extractor  
  69  5:05  Evolution Chamber  
  69  5:06  Zergling x6  
  70  5:11  Drone x4  
  74  5:19  Drone x2  
  76  5:24  Drone x3  
  76  5:25  Drone x2  
  76  5:27  Drone  
  82  5:30  Drone x2  
  82  5:31  Drone, Extractor  
  82  5:32  Extractor, Zerg Melee Weapons Level 1  
  83  5:36  Drone  
  83  5:40  Drone x2  
  85  5:45  Queen  
  86  5:51  Drone  
  86  5:57  Overlord  
  84  6:00  Roach x5  
  84  6:01  Roach x4  
  84  6:02  Overlord  
  84  6:03  Drone  
  103  6:07  Glial Reconstitution, Hatchery  
  102  6:13  Spire, Overlord  
  102  6:14  Drone x2  
  102  6:18  Drone  
  104  6:25  Drone x4  
  107  6:28  Baneling Nest, Drone  
  107  6:30  Drone x3  
  110  6:36  Evolution Chamber  
  110  6:37  Drone  
  110  6:38  Drone x5  
  110  6:39  Infestation Pit  
  114  6:49  Roach  
  114  6:50  Roach x2  
  114  6:51  Drone x3  
  123  6:56  Spore Crawler  
  123  6:57  Drone x2  
  123  6:59  Extractor  
  123  7:00  Drone  
  123  7:01  Extractor, Drone x3  
  127  7:03  Zerg Missile Weapons Level 1, Zergling x2  
  127  7:15  Drone x5  
  128  7:20  Overlord  
  128  7:21  Drone  
  128  7:22  Overseer  
  123  7:23  Hive  
  123  7:30  Queen  
  123  7:36  Overlord  
  125  7:37  Drone x2  
  125  7:43  Centrifical Hooks  
  127  7:45  Hatchery  
  127  7:46  Overlord, Mutalisk  
  127  7:47  Mutalisk x7  
  127  7:50  Overlord  
  142  7:53  Overlord  
  142  7:54  Overlord  
  142  7:56  Mutalisk x2  
  146  8:03  Mutalisk x2  
  150  8:06  Baneling x8  
  150  8:07  Zergling x8  
  150  8:10  Zergling x8  
  150  8:11  Zergling x2  
  159  8:13  Roach  
  159  8:15  Roach x2  
  159  8:17  Roach  
  159  8:18  Zergling x2, Roach  
  168  8:22  Roach x2  
  168  8:25  Roach x2  
  156  8:29  Roach  
  156  8:31  Roach x2  
  150  8:36  Roach x2  
  150  8:40  Roach x2  
  156  8:42  Roach  
Tags
 
Add a new tag
Caveats
  • Supply blocks, unpowered buildings, or Contaminate may cause inaccurate times.
  • Supply counts are checked every 10 seconds.